 Dungeon Crawl Stone Soup version 0.19-a0-1111-gcceb26a (webtiles) character file.

23 4thArraOfDagon the Ruffian (level 2, 0/26 HPs)
             Began as a Troll Arcane Marksman on Aug 10, 2016.
             Slain by a giant frog (7 damage)
             ... on level 4 of the Dungeon.
             The game lasted 00:01:27 (325 turns).

4thArraOfDagon the Ruffian (Troll Arcane Marksman)   Turns: 325, Time: 00:01:27

Health: 0/26       AC:  5    Str: 18    XL:     2   Next: 72%
Magic:  2/2        EV: 10    Int:  9    God:
Gold:   26         SH:  0    Dex:  9    Spells: 1 memorised, 2 levels left

rFire  . . .     SeeInvis .       - Unarmed
rCold  . . .     Gourm    +     a - +0 robe
rNeg   . . .     Faith    .     (no shield)
rPois  .         Spirit   .     (helmet restricted)
rElec  .         Dismiss  .     (no cloak)
rCorr  .         Reflect  .     (gloves unavailable)
SustAt .         Harm     .     (boots unavailable)
MR     .....                    (no amulet)
Stlth  +.........               (no ring)
                                (no ring)

@:
A: unfitting armour, claws 3, fast metabolism 3, gourmand, regeneration 2,
shaggy fur 1, tough skin 2
a: no special abilities


You were on level 4 of the Dungeon.
You were full.

You visited 1 branch of the dungeon, and saw 4 of its levels.

You collected 26 gold pieces.

Inventory:

Missiles
 c - 2 large rocks (quivered)
Armour
 a - a +0 robe (worn)
Scrolls
 g - a scroll of fog {unknown}
 h - a scroll of noise {unknown}
 i - a scroll of recharging {unknown}
 l - a scroll of identify {unknown}
Potions
 e - a potion of brilliance {unknown}
 j - a potion of curing {unknown}
 k - a potion of agility {unknown}
Books
 b - a book of Debilitation

   Spells                             Type                      Level
   a - Corona                         Hexes                        1
   b - Slow                           Hexes                        2
   c - Gell's Gravitas                Hexes/Translocation          3
   d - Inner Flame                    Hexes/Fire                   3
   e - Cause Fear                     Hexes                        4
   f - Leda's Liquefaction            Hexes/Earth                  4
Comestibles
 f - 2 bread rations


   Skills:
 - Level 0.7 Fighting
 - Level 1.7 Throwing
 - Level 1.5 Dodging
 * Level 2.4 Unarmed Combat
 - Level 1.0 Spellcasting
 - Level 2.0 Hexes


You had 2 spell levels left.
You knew the following spells:

 Your Spells              Type           Power        Failure   Level  Hunger
a - Corona                Hex            #......      17%         1    ##.....


Dungeon Overview and Level Annotations

Branches:
Dungeon (4/15)
 Temple: D:4-7

Altars:
Pakellas


Innate Abilities, Weirdness & Mutations

You are too large for most types of armour.
You have claws for hands.
Your metabolism is lightning-fast.
You like to eat raw meat.
You heal very quickly.
You are covered in fur. (AC +1)
You have very tough skin. (AC +2)


Message History

The giant frog hits you.
* * * LOW HITPOINT WARNING * * *
You are too injured to fight recklessly!
Quiver which item? (- for none, * to show all) (? for menu, Esc to quit)
Quivering
d - 2 throwing nets for throwing.
Throwing (i - inventory. (,) - cycle):
d - 2 throwing nets (quivered)
Press: ? - help, Shift-Dir - straight line, f/p - giant frog
Aim: a giant frog (almost dead)
You throw a throwing net.
The throwing net barely misses the giant frog.
The giant frog misses you.
The giant frog hits you but does no damage.
Unknown command.
Throwing (i - inventory. (,) - cycle):
d - a throwing net (quivered)
Press: ? - help, Shift-Dir - straight line, f/p - giant frog
Aim: a giant frog (almost dead)
You throw a throwing net.
The throwing net closely misses the giant frog.
The giant frog hits you!
You die...

#........... #.
#.......... #(
#.....<.# #(
###.##### #. #..#
+#.#+ ###.##
#####..(#####.#.#
......⌠F........#
####..@#####..##
+#.#'...##...# #.
...8.#.....# #.
.._..#....... #.
.8.8.#....... #.
#...##....... ..
#####....... ..
#......


You could see a giant frog.

Vanquished Creatures
  An adder (D:2)
  An ooze (D:2)
  A giant gecko (D:2)
  A goblin (D:2)
  A hobgoblin (D:2)
  3 bats (D:2)
  2 rats
10 creatures vanquished.

Notes
Turn   | Place    | Note
-------+----------+-------------------------------------------
     0 | D:1      | 4thArraOfDagon the Troll Arcane Marksman began the quest for the Orb.
     0 | D:1      | Reached XP level 1. HP: 18/18 MP: 1/1
    23 | D:2      | Reached skill level 1 in Unarmed Combat
    32 | D:2      | Turgon: So why not DrXX of Veh?
    47 | D:2      | Reached XP level 2. HP: 19/26 MP: 2/2
   316 | D:4      | Found an oddly glowing altar of Pakellas.
   317 | D:4      | Noticed a giant frog
   325 | D:4      | Slain by a giant frog

Vault maps used:
D:1:      lemuel_arrival_hallway, minmay_misc_feat_cross
D:3:      first_bread
D:4:      grunt_temple_overflow_cloverleaf, minivault_14

Skill      XL: |  1 |
---------------+----+-----
Unarmed Combat | 2 |  2.4
Fighting       | |  0.7
Throwing       | |  1.7
Dodging        | |  1.5
Spellcasting   | |  1.0
Hexes          | |  2.0

Action                   || total
-------------------------++-------
Melee: Unarmed           ||    46
Throw: Large rock        ||     2
       Throwing net      ||     2
  Eat: Chunk             ||     5
Armor: Robe              ||    21
Dodge: Dodged            ||    23
